PBL
YORK REVOLUTION @ NIAGARA FALLS PHANTOMS
06/24/2048
 
TOP OF THE 1ST
York Revolution batting - Pitching for Niagara Falls Phantoms : RHP Toshikazu Miyahara
Pitching: RHP Toshikazu Miyahara
Batting: LHB Mike Hawk 0-0: Ball
1-0: Called Strike
1-1: Ball
2-1: Ball
3-1: Base on Balls
Batting: RHB Teh-huai Jiang 0-0: Foul Ball, location: 2F
0-1: Ball
1-1: Ball
2-1: Foul Ball, location: 2F
2-2: SINGLE (Groundball, 56D, EV 98.1 MPH)
Mike Hawk to second
Batting: RHB Eddie Serna 0-0: Ball
1-0: Swinging Strike
1-1: Foul Ball, location: 2F
1-2: 3-RUN HOME RUN (Flyball, 78XD, EV 98.8 MPH), Distance : 396 ft
Batting: LHB Jean-Claude Vanbiesbrouck 0-0: Ball
1-0: Ball
2-0: Ball
3-0: Called Strike
3-1: Base on Balls
Batting: RHB Dan Shaffer 0-0: Called Strike
0-1: Ball
1-1: Called Strike
1-2: Foul Ball, location: 2F
1-2: Fly out, F8 (Flyball, 8RD, EV 101.2 MPH)
Batting: LHB Jason Duda 0-0: Called Strike
Jean-Claude Vanbiesbrouck steals 2nd base
0-1: Foul Ball, location: 2F
0-2: Ball
1-2: Ball
2-2: Ground out 4-3 (Groundball, 4, EV 95.0 MPH)
Jean-Claude Vanbiesbrouck to third
Batting: LHB Quincy Smart 0-0: Fly out, F6 (Flyball, 4MD, EV 90.6 MPH)
Top of the 1st over - 3 runs, 2 hits, 0 errors, 1 left on base; York 3 - Niagara Falls 0
BOTTOM OF THE 1ST
Niagara Falls Phantoms batting - Pitching for York Revolution : LHP Jonathan Monroy
Pitching: LHP Jonathan Monroy
Batting: RHB Alfredo Mendez 0-0: Called Strike
0-1: Ball
1-1: Ball
2-1: Fly out, F7 (Flyball, 7D, EV 106.2 MPH)
Batting: SHB Bruce Shelton 0-0: Ball
1-0: Foul Ball, location: 2F
1-1: Fly out, F8 (Flyball, 78D, EV 78.8 MPH)
Batting: RHB Jonathan Feldstein 0-0: Swinging Strike
0-1: Called Strike
0-2: Ball
1-2: Strikes out swinging
Bottom of the 1st over - 0 runs, 0 hits, 0 errors, 0 left on base; York 3 - Niagara Falls 0
TOP OF THE 2ND
York Revolution batting - Pitching for Niagara Falls Phantoms : RHP Toshikazu Miyahara
Batting: LHB Bryant Dill 0-0: Ball
1-0: Called Strike
1-1: Ball
2-1: Ball
3-1: Base on Balls
Batting: LHB Dennis French 0-0: Called Strike
Bryant Dill steals 2nd base
0-1: Ball
1-1: SINGLE (Line Drive, 9S, EV 108.1 MPH)
Bryant Dill to third
Runner from 3rd tries for Home, SAFE, throw by RF to home
Batting: LHB Mike Hawk 0-0: Ball
Wild Pitch!
Dennis French to second
1-0: Foul Ball, location: 2F
1-1: Swinging Strike
1-2: Ball
2-2: Strikes out swinging
Batting: RHB Teh-huai Jiang 0-0: Ball
1-0: Foul Ball, location: 2F
1-1: Foul Ball, location: 2F
1-2: Fly out, F8 (Flyball, 8LD, EV 88.8 MPH)
Batting: RHB Eddie Serna 0-0: Ball
1-0: SINGLE (Line Drive, 8LS, EV 101.9 MPH)
Dennis French to third
Runner from 3rd tries for Home, throw by CF and OUT! 8-2
Top of the 2nd over - 1 run, 2 hits, 0 errors, 1 left on base; York 4 - Niagara Falls 0
BOTTOM OF THE 2ND
Niagara Falls Phantoms batting - Pitching for York Revolution : LHP Jonathan Monroy
Batting: RHB Scott Cuff 0-0: Foul Ball, location: 2F
0-1: Ball
1-1: Swinging Strike
1-2: Strikes out swinging
Batting: RHB Bailey Hays 0-0: Ball
1-0: Ball
2-0: Swinging Strike
2-1: Ball
3-1: Swinging Strike
3-2: Foul Ball, location: 2F
3-2: Strikes out swinging
Batting: RHB Jim O'Dwyer 0-0: Called Strike
0-1: Ball
1-1: Ball
2-1: Fly out, F3 (Popup, 3F, EV 64.4 MPH)
Bottom of the 2nd over - 0 runs, 0 hits, 0 errors, 0 left on base; York 4 - Niagara Falls 0
TOP OF THE 3RD
York Revolution batting - Pitching for Niagara Falls Phantoms : RHP Toshikazu Miyahara
Batting: LHB Jean-Claude Vanbiesbrouck 0-0: Ball
1-0: Fly out, F8 (Flyball, 89S, EV 90.6 MPH)
Batting: RHB Dan Shaffer 0-0: Called Strike
0-1: Fly out, F8 (Flyball, 8LD, EV 81.9 MPH)
Batting: LHB Jason Duda 0-0: Called Strike
0-1: Ground out U3 (Groundball, 3, EV 85.6 MPH)
Top of the 3rd over - 0 runs, 0 hits, 0 errors, 0 left on base; York 4 - Niagara Falls 0
BOTTOM OF THE 3RD
Niagara Falls Phantoms batting - Pitching for York Revolution : LHP Jonathan Monroy
Batting: LHB Rip Log 0-0: Called Strike
0-1: Ball
1-1: Foul Ball, location: 2F
1-2: Ball
2-2: Hit by Pitch
Batting: LHB Dave Ortiz 0-0: Called Strike
0-1: SINGLE (Groundball, 34D, EV 95.0 MPH)
Rip Log to second
Runner from 2nd tries for 3rd, SAFE, throw by RF made to third
Batting: RHB Juan Perez 0-0: Called Strike
0-1: Ball
1-1: Called Strike
1-2: Strikes out swinging
Batting: RHB Alfredo Mendez 0-0: Fly out, F9 (Flyball, 9S, EV 91.2 MPH)
Batting: SHB Bruce Shelton 0-0: Called Strike
0-1: Ball
1-1: Ball
2-1: Foul Ball, location: 2F
2-2: Foul Ball, location: 2F
2-2: Strikes out looking
Bottom of the 3rd over - 0 runs, 1 hit, 0 errors, 2 left on base; York 4 - Niagara Falls 0
TOP OF THE 4TH
York Revolution batting - Pitching for Niagara Falls Phantoms : RHP Toshikazu Miyahara
Batting: LHB Quincy Smart 0-0: Ground out 4-3 (Groundball, 4, EV 100.6 MPH)
Batting: LHB Bryant Dill 0-0: Ball
1-0: Ball
2-0: Fly out, F9 (Line Drive, 9, EV 103.8 MPH)
Batting: LHB Dennis French 0-0: Called Strike
0-1: Called Strike
0-2: Foul Ball, location: 2F
0-2: Ball
1-2: Foul Ball, location: 2F
1-2: Ball
2-2: Ball
3-2: Ground out 4-3 (Groundball, 4, EV 105.0 MPH)
Top of the 4th over - 0 runs, 0 hits, 0 errors, 0 left on base; York 4 - Niagara Falls 0
BOTTOM OF THE 4TH
Niagara Falls Phantoms batting - Pitching for York Revolution : LHP Jonathan Monroy
Batting: RHB Jonathan Feldstein 0-0: Called Strike
0-1: Swinging Strike
0-2: Ball
1-2: Strikes out swinging
Batting: RHB Scott Cuff 0-0: SINGLE (Groundball, 6MD, EV 106.2 MPH)
Batting: RHB Bailey Hays 0-0: Ball
1-0: Ball
2-0: Ball
3-0: SINGLE (Flyball, 34D, EV 86.9 MPH)
Scott Cuff to second
Batting: RHB Jim O'Dwyer 0-0: Called Strike
0-1: Foul Ball, location: 2F
0-2: Ball
1-2: Hit by Pitch
Scott Cuff to third
Bailey Hays to second
Batting: LHB Rip Log 0-0: SINGLE (Line Drive, 9S, EV 102.5 MPH)
Scott Cuff scores
Bailey Hays to third
Jim O'Dwyer to second
Runner from 3rd tries for Home, SAFE, throw by RF to home
Batting: LHB Dave Ortiz 0-0: Called Strike
0-1: Called Strike
0-2: Ball
1-2: Strikes out swinging
Batting: RHB Juan Perez 0-0: Ball
1-0: SINGLE (Line Drive, 8RS, EV 106.9 MPH)
Jim O'Dwyer to third
Rip Log to second
Batting: RHB Alfredo Mendez 0-0: Ball
1-0: Foul Ball, location: 2F
1-1: Ground out 4-3 (Groundball, 13, EV 85.6 MPH)
Bottom of the 4th over - 2 runs, 4 hits, 0 errors, 3 left on base; York 4 - Niagara Falls 2
TOP OF THE 5TH
York Revolution batting - Pitching for Niagara Falls Phantoms : RHP Toshikazu Miyahara
Batting: LHB Mike Hawk 0-0: Called Strike
0-1: Ball
1-1: Foul Ball, location: 2F
1-2: Strikes out swinging
Batting: RHB Teh-huai Jiang 0-0: Swinging Strike
0-1: Foul Ball, location: 2F
0-2: Ground out 6-3 (Groundball, 6, EV 81.2 MPH)
Batting: RHB Eddie Serna 0-0: Foul Ball, location: 2F
0-1: Swinging Strike
0-2: Strikes out swinging
Top of the 5th over - 0 runs, 0 hits, 0 errors, 0 left on base; York 4 - Niagara Falls 2
BOTTOM OF THE 5TH
Niagara Falls Phantoms batting - Pitching for York Revolution : LHP Jonathan Monroy
Batting: SHB Bruce Shelton 0-0: Called Strike
0-1: Ground out 5-3 (Groundball, 56S, EV 83.8 MPH)
Batting: RHB Jonathan Feldstein 0-0: Ball
1-0: Called Strike
1-1: SINGLE (Groundball, 4MD, EV 101.9 MPH)
Batting: RHB Scott Cuff 0-0: DOUBLE (Flyball, 78XD, EV 115.0 MPH)
Jonathan Feldstein to third
Batting: RHB Bailey Hays 0-0: 3-RUN HOME RUN (Flyball, 7D, EV 94.4 MPH), Distance : 355 ft
Pitching: RHP Robert Mccabe
Batting: RHB Jim O'Dwyer 0-0: Called Strike
0-1: Ball
1-1: Ball
2-1: Ball
3-1: Called Strike
3-2: Fly out, F8 (Flyball, 8RM, EV 95.0 MPH)
Batting: LHB Rip Log 0-0: Ball
1-0: Ball
2-0: Called Strike
2-1: Fly out, F8 (Flyball, 8LD, EV 109.4 MPH)
Bottom of the 5th over - 3 runs, 3 hits, 0 errors, 0 left on base; York 4 - Niagara Falls 5
TOP OF THE 6TH
York Revolution batting - Pitching for Niagara Falls Phantoms : RHP Toshikazu Miyahara
Batting: LHB Jean-Claude Vanbiesbrouck 0-0: Ball
1-0: Foul Ball, location: 2F
1-1: Foul Ball, location: 2F
1-2: Ball
2-2: Strikes out looking
Batting: RHB Dan Shaffer 0-0: Called Strike
0-1: Ball
1-1: Ball
2-1: Ball
3-1: Called Strike
3-2: Fly out, F6 (Line Drive, 6, EV 69.4 MPH)
Batting: LHB Jason Duda 0-0: Ball
1-0: Ball
2-0: Ball
3-0: Called Strike
3-1: Base on Balls
Batting: LHB Quincy Smart 0-0: Swinging Strike
0-1: Ball
1-1: Swinging Strike
1-2: Strikes out looking
Top of the 6th over - 0 runs, 0 hits, 0 errors, 1 left on base; York 4 - Niagara Falls 5
BOTTOM OF THE 6TH
Niagara Falls Phantoms batting - Pitching for York Revolution : RHP Robert Mccabe
Batting: LHB Dave Ortiz 0-0: Ball
1-0: Swinging Strike
1-1: Called Strike
1-2: Ball
2-2: Ball
3-2: Foul Ball, location: 2F
3-2: Fly out, F8 (Flyball, 8RD, EV 103.8 MPH)
Batting: RHB Juan Perez 0-0: Called Strike
0-1: Called Strike
0-2: Ball
1-2: Ball
2-2: Ball
3-2: Base on Balls
Batting: RHB Alfredo Mendez 0-0: Called Strike
0-1: Called Strike
0-2: 2-RUN HOME RUN (Flyball, 9D, EV 95.0 MPH), Distance : 352 ft
Batting: SHB Bruce Shelton 0-0: Swinging Strike
0-1: Ball
1-1: Swinging Strike
1-2: SINGLE (Line Drive, 7S, EV 91.2 MPH)
Batting: RHB Jonathan Feldstein 0-0: Swinging Strike
0-1: Ball
1-1: Ball
2-1: Foul Ball, location: 2F
2-2: Ball
3-2: Strikes out looking
Batting: RHB Scott Cuff 0-0: Ball
1-0: Ball
2-0: Foul Ball, location: 2F
2-1: Ball
3-1: Foul Ball, location: 2F
3-2: Strikes out looking
Bottom of the 6th over - 2 runs, 2 hits, 0 errors, 1 left on base; York 4 - Niagara Falls 7
TOP OF THE 7TH
York Revolution batting - Pitching for Niagara Falls Phantoms : RHP Toshikazu Miyahara
Batting: LHB Bryant Dill 0-0: Called Strike
0-1: Ground out 4-3 (Groundball, 4, EV 91.9 MPH)
Batting: LHB Dennis French 0-0: Called Strike
0-1: Ball
1-1: Called Strike
1-2: Ball
2-2: Ball
3-2: Fly out, F7 (Flyball, 7D, EV 97.5 MPH)
Batting: LHB Mike Hawk 0-0: Ball
1-0: Called Strike
1-1: Swinging Strike
1-2: Strikes out looking
Top of the 7th over - 0 runs, 0 hits, 0 errors, 0 left on base; York 4 - Niagara Falls 7
BOTTOM OF THE 7TH
Niagara Falls Phantoms batting - Pitching for York Revolution : RHP Robert Mccabe
Batting: RHB Bailey Hays 0-0: Foul Ball, location: 2F
0-1: Ball
1-1: Ball
2-1: Called Strike
2-2: Strikes out swinging
Batting: RHB Jim O'Dwyer 0-0: Ball
1-0: Foul Ball, location: 2F
1-1: Swinging Strike
1-2: Ball
2-2: Ball
3-2: TRIPLE (Flyball, 9LD, EV 100.0 MPH)
Pitching: LHP Josh Schmidt
Pinch Hitting: RHB Jose Villanueva 0-0: Fly out, F8 (Line Drive, 8RM, EV 90.6 MPH)
Batting: LHB Dave Ortiz 0-0: Ball
1-0: Foul Ball, location: 2F
1-1: Called Strike
1-2: Foul Ball, location: 2F
1-2: Ball
2-2: Foul Ball, location: 2F
2-2: Strikes out looking
Bottom of the 7th over - 0 runs, 1 hit, 0 errors, 1 left on base; York 4 - Niagara Falls 7
TOP OF THE 8TH
York Revolution batting - Pitching for Niagara Falls Phantoms : RHP Toshikazu Miyahara
Pitching: RHP Lucas Uil
Now in RF: Victor Reyna
Batting: RHB Teh-huai Jiang 0-0: Called Strike
0-1: Ball
1-1: Foul Ball, location: 2F
1-2: Ball
2-2: Ball
3-2: Fly out, F6 (Popup, 6MS, EV 74.4 MPH)
Batting: RHB Eddie Serna 0-0: Ball
1-0: Foul Ball, location: 2F
1-1: Foul Ball, location: 2F
1-2: Foul Ball, location: 2F
1-2: Fly out, F8 (Line Drive, 8RM, EV 93.8 MPH)
Batting: LHB Jean-Claude Vanbiesbrouck 0-0: Ball
1-0: Swinging Strike
1-1: Foul Ball, location: 2F
1-2: Ball
2-2: Ball
3-2: SOLO HOME RUN (Flyball, 89XD, EV 100.0 MPH), Distance : 393 ft
Pinch Hitting: LHB Ryan Young 0-0: Called Strike
0-1: Ball
1-1: Ball
2-1: Called Strike
2-2: Ball
3-2: Foul Ball, location: 2F
3-2: Base on Balls
Batting: LHB Jason Duda 0-0: Swinging Strike
0-1: Called Strike
0-2: Foul Ball, location: 2F
0-2: Foul Ball, location: 2F
0-2: Foul Ball, location: 2F
0-2: Ball
1-2: Ball
2-2: SINGLE (Line Drive, 34D, EV 96.9 MPH)
Ryan Young to second
Throwing error, E9
Ryan Young scores
Jason Duda to second
Pinch Hitting: SHB Sam Fredrick 0-0: Foul Ball, location: 2F
0-1: Ball
1-1: Foul Ball, location: 2F
1-2: Ball
2-2: Strikes out swinging
Top of the 8th over - 2 runs, 2 hits, 1 error, 1 left on base; York 6 - Niagara Falls 7
BOTTOM OF THE 8TH
Niagara Falls Phantoms batting - Pitching for York Revolution : LHP Josh Schmidt
Now at 2B: Mike Hawk
Now in LF: Ryan Young
Now in CF: Frank Ramirez
Batting: RHB Juan Perez 0-0: Ball
1-0: Called Strike
1-1: Swinging Strike
1-2: Strikes out swinging
Batting: RHB Alfredo Mendez 0-0: Called Strike
0-1: Ball
1-1: Swinging Strike
1-2: Strikes out swinging
Batting: SHB Bruce Shelton 0-0: Called Strike
0-1: Ball
1-1: Foul Ball, location: 2F
1-2: Ball
2-2: Ball
3-2: Base on Balls
Batting: RHB Jonathan Feldstein 0-0: Foul Ball, location: 2F
0-1: Called Strike
0-2: Foul Ball, location: 2F
0-2: Ball
1-2: Ball
2-2: Ball
3-2: Foul Ball, location: 2F
3-2: Strikes out swinging
Bottom of the 8th over - 0 runs, 0 hits, 0 errors, 1 left on base; York 6 - Niagara Falls 7
TOP OF THE 9TH
York Revolution batting - Pitching for Niagara Falls Phantoms : RHP Lucas Uil
Pitching: RHP Russ Robinson
Now at 2B: Hui Li
Batting: LHB Bryant Dill 0-0: Foul Ball, location: 2F
0-1: Ball
1-1: Ground out 4-3 (Groundball, 34, EV 85.0 MPH)
Pitching: LHP Jordan Cane
Pinch Hitting: RHB Nick Maxwell 0-0: Called Strike
0-1: Swinging Strike
0-2: SINGLE (Line Drive, 78M, EV 98.8 MPH)
Pinch Hitting: RHB Dan Doggett 0-0: Foul Ball, location: 2F
0-1: Ball
1-1: Swinging Strike
1-2: Fly out, F8 (Flyball, 89S, EV 80.6 MPH)
Batting: RHB Teh-huai Jiang 0-0: Ball
1-0: Foul Ball, location: 2F
1-1: Foul Ball, location: 2F
1-2: Ball
2-2: Ground out U3 (Groundball, 3S, EV 81.9 MPH)
Top of the 9th over - 0 runs, 1 hit, 0 errors, 1 left on base; York 6 - Niagara Falls 7
Tuesday, March 28th , 2023 - OOTP Baseball 23.10 Build 110